Cogmind - Beta 11 X5 @@@ ROGUE MODE // 2021.07.05 @ 23:14:14 Player: AlmondRoll Result: Destroyed by S-27 Virus with Autogun Performance ------------- Evolutions (4) 2000 Regions Visited (10) 2000 Robots Destroyed (162) 810 Value Destroyed (6649) 6649 Prototype IDs (36) 720 Alien Tech Used (0) 0 Bonus (2503) 2503 TOTAL SCORE: 14682 Bonus ------- High Alert Combat Kills 1303 Entered Garrisons 400 Used RIF Installer 500 Aligned with FarCom 300 Cogmind --------- Core Integrity 0/850 Matter 100/300 Energy 15/100 System Corruption 0% Temperature Cool (0) Movement Flying (100) Ox1 Location -6/Garrison Parts ------- > --- POWER (2) -------- (None) > --- PROPULSION (2) --- Improved Cesium-ion Thruster > --- UTILITY (8) ------ Lightpack 2.0 Visual Processing Unit Advanced Salvage Targeting Computer Improved Target Analyzer Advanced Focal Shield > --- WEAPON (3) ------- Longsword +1 > --- INVENTORY (25) --- Nuclear Pulse Thruster Nuclear Pulse Thruster Improved Heat Sink Improved Trap Scanner Advanced Sensor Array Improved Signal Interpreter Advanced Salvage Targeting Computer Advanced Salvage Targeting Computer Advanced Particle Charger Advanced Actuator Array Phase Shifter Relay Coupler [NC] (28) Relay Coupler [NC] (29) High-powered Tractor Beam HERF Cannon HERF Cannon HERF Cannon HERF Cannon HERF Cannon HERF Cannon Remote Datajack Peak State ------------ > --- POWER ------------ Light Angular Momentum Engine > --- PROPULSION ------- Nuclear Pulse Thruster > --- UTILITY ---------- Lightpack 2.0 Visual Processing Unit Advanced Salvage Targeting Computer Improved Target Analyzer Phase Shifter Advanced Focal Shield > --- WEAPON ----------- Heavy Assault Rifle Hypervelocity Gauss Rifle Longsword +1 > --- INVENTORY -------- Improved Cesium-ion Thruster Nuclear Pulse Thruster Improved Heat Sink Improved Trap Scanner Advanced Sensor Array Improved Signal Interpreter Advanced Salvage Targeting Computer Advanced Salvage Targeting Computer Advanced Particle Charger Advanced Actuator Array Phase Shifter Relay Coupler [NC] Relay Coupler [NC] High-powered Tractor Beam HERF Cannon HERF Cannon HERF Cannon HERF Cannon HERF Cannon HERF Cannon Ion Burst Cannon Remote Datajack [Rating: 91] Favorites ----------- Power Improved Deuterium Engine Engine Improved Deuterium Engine Power Core Light Nuclear Core Propulsion Armored Wheel Leg Aluminum Leg Wheel Armored Wheel Flight Unit Nuclear Pulse Thruster Utility Hardened Medium Armor Plating Device Improved Heat Sink Storage Huge Storage Unit Processor Improved Target Analyzer Hackware Relay Coupler [NC] Protection Hardened Medium Armor Plating Weapon Autogun Energy Gun High-powered Electrolaser Energy Cannon Heavy Plasma Cannon Ballistic Gun Autogun Launcher Missile Launcher Special Weapon Remote Datajack Slashing Weapon Longsword +1 Build | -11 -10 -10 -10 -9 -8 -7 -7 -7 -6 -6 ------- Run | Scr Mat Min Exi Min Mat Fac Gar Fac Fac Gar Slots Evolved 8 | . . . . . 4 2 . . 2 . Power 1 | . . . . . . . . . 1 . Propulsion . | . . . . . . . . . . . Utility 6 | . . . . . 3 2 . . 1 . Weapon 1 | . . . . . 1 . . . . . Parts Attached 288 | 5 6 2 . 6 13 17 34 53 101 51 Power 22 | 1 1 . . 1 . 2 2 1 10 4 Engine 16 | 1 1 . . . . 1 2 1 6 4 Core 6 | . . . . 1 . 1 . . 4 . Reactor . | . . . . . . . . . . . Propulsion 26 | 2 1 . . 2 . . 1 4 11 5 Treads . | . . . . . . . . . . . Leg . | . . . . . . . . . . . Wheel 22 | 2 1 . . 2 . . 1 3 11 2 Hover . | . . . . . . . . . . . Flight 4 | . . . . . . . . 1 . 3 Utility 153 | 2 1 . . . 7 9 18 35 56 25 Device 117 | 1 . . . . 7 3 11 29 48 18 Storage 3 | . 1 . . . . 1 . . . 1 Processor 6 | 1 . . . . . . . 1 2 2 Hackware 3 | . . . . . . . . 2 1 . Protection 24 | . . . . . . 5 7 3 5 4 Artifact . | . . . . . . . . . . . Weapon 87 | . 3 2 . 3 6 6 13 13 24 17 Energy Gun 18 | . 1 . . 1 1 . 5 6 3 1 Energy Cannon 10 | . . . . . 1 2 . . 3 4 Ballistic Gun 35 | . 1 1 . 1 2 3 4 5 8 10 Ballistic Cannon . | . . . . . . . . . . . Launcher 11 | . 1 1 . 1 1 1 4 . 2 . Special Weapon 2 | . . . . . . . . 1 1 . Impact Weapon . | . . . . . . . . . . . Slashing Weapon 11 | . . . . . 1 . . 1 7 2 Piercing Weapon . | . . . . . . . . . . . Special Melee Weapon . | . . . . . . . . . . . Unidentified Prototypes 6 | . . . . . 1 . . 4 1 . Parts Lost 60 | . 1 . . . . . 10 6 20 23 Power 7 | . . . . . . . . . 4 3 Propulsion 9 | . 1 . . . . . 1 2 2 3 Utility 28 | . . . . . . . 6 4 8 10 Weapon 16 | . . . . . . . 3 . 6 7 Highest Loss Streak 11 | . 1 . . . . . 5 4 8 11 Average Slot Usage (%) 95 | . 87 85 85 83 89 99 99 99 98 81 Engine 8 | . 14 14 14 1 . 3 7 7 11 6 Core 1 | . . . . 11 9 3 . . 1 . Wheel 15 | . 28 28 28 28 18 15 15 14 12 8 Device 16 | . 1 . . . 26 15 15 16 25 18 Storage 7 | . 12 14 14 14 9 7 7 7 6 6 Processor 4 | . 1 . . . . . . 2 10 14 Protection 14 | . . . . . . 28 30 23 8 5 Energy Gun 6 | . 13 14 14 12 2 . 5 11 2 . Energy Cannon 2 | . . . . . 4 7 . . 3 4 Ballistic Gun 11 | . 14 13 14 14 18 15 14 8 10 7 Slashing Weapon 1 | . . . . . 2 . . . 2 2 Naked Turns . | . . . . . . . . . . . Heaviest Build 169 | 15 148 146 146 148 155 169 137 130 142 148 Greatest Support 37 | 32 32 32 32 32 33 33 33 37 37 24 Greatest Overweight (x) 10 | . 4 4 4 6 6 5 5 5 8 10 Average Overweight (x) 3 | . 3 4 4 5 4 3 4 3 3 3 Largest Inventory Capacity 30 | 8 30 30 30 30 30 30 25 25 25 25 Average Capacity 25 | 7 26 30 30 30 30 25 25 25 25 25 Most Carried 30 | 8 29 30 30 30 30 30 25 25 25 25 Average Carried 24 | 7 15 28 29 29 28 25 24 24 24 21 Final Capacity 30 | 5 30 30 30 30 30 25 25 25 25 25 Final Carried 30 | 5 29 29 30 30 30 25 25 25 23 21 Class Distribution -------------------- 20% | Tank 19% | Scavenger-Mutant 15% | Hauler-Mutant 14% | Scavenger-Tank 7% | Assassin 6% | Mutant 4% | Hauler-Skirmisher 3% | Gunner Dominant Class ---------------- Hauler-Mutant | -10/Materials Hauler-Mutant | -10/Mines Hauler-Mutant | -10/Exiles Hauler-Mutant | -9/Mines Hauler-Skirmisher | -8/Materials Tank | -7/Factory Scavenger-Tank | -7/Garrison Tank | -7/Factory Assassin | -6/Factory Mutant | -6/Garrison Resources | -11 -10 -10 -10 -9 -8 -7 -7 -7 -6 -6 ----------- Run | Scr Mat Min Exi Min Mat Fac Gar Fac Fac Gar Matter Collected 4893 | 279 186 95 . 79 . 268 856 576 2002 552 Remotely 213 | . . . . . . . . . 213 . Salvage Created 7387 | 218 478 114 . 97 29 280 1395 847 2912 1017 Parts 349 | 12 31 12 . 11 5 12 69 45 110 42 Haulers Intercepted 5 | . 1 . . . . . . 1 3 . Recyclers Shooed 9 | . . . . 3 . 1 . . 5 . Parts Field Recycled . | . . . . . . . . . . . Retrieved Matter . | . . . . . . . . . . . Parts Self-Destructed . | . . . . . . . . . . . Prevented . | . . . . . . . . . . . Kills | -11 -10 -10 -10 -9 -8 -7 -7 -7 -6 -6 ------- Run | Scr Mat Min Exi Min Mat Fac Gar Fac Fac Gar Combat Hostiles Destroyed 121 | . 10 3 . 3 4 4 35 15 29 18 Melee 11 | . . . . . . . . . 5 6 Guns 65 | . 7 . . 1 . . 19 14 14 10 Cannons 9 | . . . . . . 1 3 . 4 1 AOE 34 | . 3 3 . 2 4 3 13 . 6 . Classes Destroyed 16 | 2 5 1 . . . 1 2 2 2 1 Worker 10 | . 1 . . . . . . 2 7 . Builder 6 | . . 1 . 1 . . . 3 1 . Tunneler 6 | 5 . . . . . . . . 1 . Hauler 5 | . 1 . . . . . . 1 3 . Recycler 11 | 1 1 1 . . . 2 . . 6 . Operator 1 | . . . . . . . . . 1 . Watcher 4 | . 1 . . . . . . 1 1 1 Swarmer 28 | . 3 3 . . 4 3 7 4 4 . Saboteur 1 | . . . . . . . . . 1 . Grunt 61 | . 7 . . 3 . . 22 5 14 10 Brawler 3 | . . . . . . . 2 . . 1 Duelist 1 | . . . . . . . . . . 1 Sentry 14 | . . . . . . 1 3 2 4 4 Specialist 1 | . . . . . . . . 1 . . Hunter 8 | . . . . . . . 1 2 3 2 Programmer 4 | . . . . . . . . 1 3 . Best Kill Streak 7 | 4 6 3 . 3 4 4 5 6 7 5 Combat Bots Only 5 | . 5 3 . 3 4 3 5 3 5 5 Max Kills in Single Turn 4 | 1 1 3 . 2 4 3 3 2 3 1 Gunslinging 1 | . . . . . . . 1 . . . Exploded 4 | . 1 3 . 2 4 3 3 . 3 . Melee 1 | . . . . . . . . . 1 1 Uniques/NPCs Destroyed . | . . . . . . . . . . . Combat | -11 -10 -10 -10 -9 -8 -7 -7 -7 -6 -6 -------- Run | Scr Mat Min Exi Min Mat Fac Gar Fac Fac Gar Damage Taken 11566 | . 446 6 . 92 61 149 3016 1146 3724 2926 Core 1277 | . 134 . . 11 . 12 206 57 322 535 Absorbed by Shields 379 | . . . . . . . 6 . 373 . Core Remaining (%) 75 | 100 . . . 42 100 . . 60 . . Volleys Fired 387 | 13 52 10 . 10 2 7 86 49 118 40 Largest 3 | 2 2 2 . 2 1 3 3 3 3 3 Hottest 260 | 70 70 70 . 70 36 96 112 173 260 148 Shots Fired 925 | 26 101 19 . 19 2 19 204 125 320 90 Gun 825 | 26 98 18 . 18 . 12 182 114 279 78 Cannon 58 | . . . . . . 6 10 . 30 12 Launcher 27 | . 3 1 . 1 2 1 12 . 7 . Special 15 | . . . . . . . . 11 4 . Kinetic 549 | 13 49 9 . 9 . 12 124 41 229 63 Thermal 297 | 13 49 9 . 9 . . 58 73 70 16 Explosive 20 | . 3 1 . 1 2 1 12 . . . Electromagnetic 44 | . . . . . . 6 10 . 17 11 Robot Hit Streak 23 | 6 6 7 . 4 . 11 15 23 18 11 Robot Miss Streak 6 | 2 6 3 . 2 3 1 6 5 3 6 Penetration Max 1 | . . . . . . . . . 1 1 Secondary Targets 10 | . . . . . . . 7 . 1 2 Max Gunslinging Chain 1 | . . . . . . . 1 . 1 1 Shots Hit Robots 669 | 16 62 11 . 11 . 15 131 85 243 95 Core Hits 404 | 7 27 6 . 7 5 10 98 47 107 90 Critical Kills 10 | . . . . . . . . 1 6 3 Critical Parts Destroyed 17 | . . . . . . . . . 17 . Critical Strikes 49 | . 3 . . . . . 4 3 33 6 Burn 13 | . 3 . . . . . 4 2 4 . Destroy 29 | . . . . . . . . 1 24 4 Sever 7 | . . . . . . . . . 5 2 Melee Attacks 58 | . . . . . 1 . . 2 39 16 Impact . | . . . . . . . . . . . Slashing 58 | . . . . . 1 . . 2 39 16 Piercing . | . . . . . . . . . . . Sneak Attacks 12 | . . . . . . . . . 11 1 Combat Hostiles 1 | . . . . . . . . . 1 . Follow-up Attacks . | . . . . . . . . . . . Damage Inflicted 16876 | 216 962 205 . 204 305 388 2939 1728 7416 2513 Guns 9023 | 216 725 99 . 109 . 65 1710 1728 2852 1519 Cannons 1348 | . . . . . . 130 217 . 719 282 Explosions 3321 | . 237 106 . 95 305 193 1012 . 1373 . Melee 3171 | . . . . . . . . . 2459 712 Ramming 13 | . . . . . . . . . 13 . Kinetic 5266 | 117 340 36 . 34 . 65 1110 450 1932 1182 Thermal 4554 | 99 385 63 . 75 . . 600 1278 1717 337 Explosive 2632 | . 237 106 . 95 305 193 1012 . 684 . Electromagnetic 1240 | . . . . . . 130 217 . 611 282 Impact . | . . . . . . . . . . . Slashing 3171 | . . . . . . . . . 2459 712 Piercing . | . . . . . . . . . . . Highest Corruption 4 | . . . . . . . . 2 4 . Average Corruption 2 | . . . . . . . . 1 2 . Corruption Purged 4 | . . . . . . . . . 4 . Effects 21 | . . . . . . . . 6 15 . Message Errors 8 | . . . . . . . . 4 4 . Matter Fused 1 | . . . . . . . . . 1 . Heat Flow Errors 4 | . . . . . . . . 1 3 . Energy Discharges 5 | . . . . . . . . . 5 . Data Loss (minor) 2 | . . . . . . . . 1 1 . Weapon Failures 1 | . . . . . . . . . 1 . Overload Shots . | . . . . . . . . . . . Overflow Damage 667 | . 6 . . . . . . . 661 . Projectiles 13 | . . . . . . . . . 13 . Explosions 72 | . 6 . . . . . . . 66 . Melee 582 | . . . . . . . . . 582 . Knockbacks . | . . . . . . . . . . . Impact . | . . . . . . . . . . . Kinetic . | . . . . . . . . . . . Secondary . | . . . . . . . . . . . Self-Inflicted Damage 418 | . . . . 39 24 . 69 . 286 . Shots 12 | . . . . 1 1 . 3 . 7 . Rammed 2 | . . . . . . . . . 2 . Targets Rammed 2 | . . . . . . . . . 2 . Kicked . | . . . . . . . . . . . Crushed . | . . . . . . . . . . . Highest Temperature 408 | 45 144 90 . 84 . 227 311 408 324 48 Average Temperature 84 | 21 41 31 . 37 . 79 87 85 116 17 Received Heat Transfer 3413 | . 261 . . 30 . 36 1083 261 953 789 Effects 2 | . . . . . . . . . 2 . Energy Bleed 2 | . . . . . . . . . 2 . Siege Activations . | . . . . . . . . . . . Robots Corrupted 1 | . . . . . . . . . . 1 Combat Hostiles 1 | . . . . . . . . . . 1 Parts Fried 7 | . . . . . . 1 . . . 6 Impact Corruptions . | . . . . . . . . . . . Robots Melted 1 | . . . . . . . . 1 . . Combat Hostiles 1 | . . . . . . . . 1 . . Parts Melted 18 | 1 . . . . . . 2 10 4 1 Heat Transferred 8970 | 296 1369 185 . 222 . . 1292 2423 2581 602 Parts Sabotaged . | . . . . . . . . . . . Parts Stolen . | . . . . . . . . . . . Parts Stripped . | . . . . . . . . . . . Power Chain Reactions 1 | . . . . . . . . . 1 . Missiles Intercepted . | . . . . . . . . . . . Alert | -11 -10 -10 -10 -9 -8 -7 -7 -7 -6 -6 ------- Run | Scr Mat Min Exi Min Mat Fac Gar Fac Fac Gar Peak Influence 1180 | 30 177 149 . 90 129 189 1180 1146 852 839 Initial 619 | . 19 69 . . 35 58 . 619 150 584 Average 440 | 13 85 140 . 86 13 138 648 591 411 668 Maximum Alert Level 4 | . . . . . . . 4 4 3 3 Low Security (%) 33 | 100 100 100 . 100 100 100 11 . 26 . Level 1 17 | . . . . . . . 16 26 31 . Level 2 27 | . . . . . . . 19 60 24 69 Level 3 18 | . . . . . . . 40 11 17 30 Level 4 2 | . . . . . . . 11 2 . . Level 5 . | . . . . . . . . . . . High Security . | . . . . . . . . . . . Max Security . | . . . . . . . . . . . Squads Dispatched 17 | . 1 . . . 1 . . 3 12 . Investigation 3 | . 1 . . . . . . . 2 . Extermination 4 | . . . . . . . . 1 3 . Reinforcement 6 | . . . . . 1 . . 2 3 . Assault 2 | . . . . . . . . . 2 . Garrison 2 | . . . . . . . . . 2 . Intercept . | . . . . . . . . . . . Construction Impeded 1 | . . . . . . . . . 1 . Haulers Reinforced 1 | . . . . . . . . . 1 . Cargo Convoy Interrupts 1 | . . . . . . . . 1 . . Stealth | -11 -10 -10 -10 -9 -8 -7 -7 -7 -6 -6 --------- Run | Scr Mat Min Exi Min Mat Fac Gar Fac Fac Gar Distress Signals 7 | . 1 . . . . . . . 3 3 Communications Jammed . | . . . . . . . . . . . Distress Signals . | . . . . . . . . . . . Times Spotted 175 | . 15 4 . 3 6 4 36 19 62 26 Peak Tracking Total 10 | . 4 3 . 3 5 3 6 4 9 10 Tactical Retreats 15 | . . 1 . . . . 2 . 10 2 Traps | -11 -10 -10 -10 -9 -8 -7 -7 -7 -6 -6 ------- Run | Scr Mat Min Exi Min Mat Fac Gar Fac Fac Gar Traps Triggered 19 | . 1 . . . . . 11 3 . 4 Indirectly . | . . . . . . . . . . . Trap Hack Attempts . | . . . . . . . . . . . Triggered . | . . . . . . . . . . . Disarmed . | . . . . . . . . . . . Reprogrammed . | . . . . . . . . . . . Reused . | . . . . . . . . . . . Traps Extracted . | . . . . . . . . . . . Installed . | . . . . . . . . . . . Triggered 2 | . . . . . . . . 2 . . Machines | -11 -10 -10 -10 -9 -8 -7 -7 -7 -6 -6 ---------- Run | Scr Mat Min Exi Min Mat Fac Gar Fac Fac Gar Machines Disabled 21 | . . . . . . . 5 . 16 . Max in Single Turn 4 | . . . . . . . 1 . 4 . Garrison Relay 5 | . . . . . . . 5 . . . Machines Sabotaged . | . . . . . . . . . . . Garrisons Compromised 1 | . . . . . . . . 1 . . Overloaded Fab Kills . | . . . . . . . . . . . Fab Network Shutdowns . | . . . . . . . . . . . Hacking | -11 -10 -10 -10 -9 -8 -7 -7 -7 -6 -6 --------- Run | Scr Mat Min Exi Min Mat Fac Gar Fac Fac Gar Machines Accessed 27 | . 4 . 2 . 5 2 . 5 9 . Terminals 13 | . 3 . . . 3 . . 5 2 . Fabricators 2 | . . . . . . . . . 2 . Repair Stations 2 | . . . . . . 1 . . 1 . Recycling Units 3 | . 1 . . . . . . . 2 . Scanalyzers 3 | . . . . . 2 . . . 1 . Garrison Access 2 | . . . . . . 1 . . 1 . Total Hacks 78 | . 10 . 2 . 16 2 . 19 29 . Successful 52 | . 6 . 2 . 12 1 . 10 21 . Failed 26 | . 4 . . . 4 1 . 9 8 . Catastrophic 4 | . . . . . 1 . . 3 . . Database Lockouts . | . . . . . . . . . . . Manual 26 | . 2 . 1 . 2 . . 11 10 . Terminals 40 | . 8 . . . 9 . . 19 4 . Fabricators 11 | . . . . . . . . . 11 . Repair Stations 6 | . . . . . . 1 . . 5 . Recycling Units 8 | . 2 . . . . . . . 6 . Scanalyzers 9 | . . . . . 7 . . . 2 . Garrison Access 2 | . . . . . . 1 . . 1 . Terminal Hacks 20 | . 5 . 2 . 5 . . 7 1 . Record 1 | . . . 1 . . . . . . . Prototype ID Bank 3 | . 1 . . . 1 . . 1 . . Branch Access Points 3 | . 1 . . . 1 . . 1 . . Terminal Index 1 | . 1 . . . . . . . . . Unreport Threat 4 | . . . . . 1 . . 3 . . Locate Traps 2 | . . . . . . . . 2 . . Hauler Manifests 4 | . 1 . . . 2 . . . 1 . Registered Prototypes 1 | . 1 . . . . . . . . . EX-Prototype ID Bank 1 | . . . 1 . . . . . . . Fabricator Hacks 6 | . . . . . . . . . 6 . Load Schematic 3 | . . . . . . . . . 3 . Build 3 | . . . . . . . . . 3 . Repair Station Hacks 3 | . . . . . . . . . 3 . Scan Component 2 | . . . . . . . . . 2 . Repair 1 | . . . . . . . . . 1 . Recycling Unit Hacks 1 | . . . . . . . . . 1 . Retrieve Components 1 | . . . . . . . . . 1 . Scanalyzer 7 | . . . . . 6 . . . 1 . Insert Component 4 | . . . . . 3 . . . 1 . Analyze 3 | . . . . . 3 . . . . . Garrison Access Hacks 2 | . . . . . . 1 . . 1 . Unlock Access 2 | . . . . . . 1 . . 1 . Unauthorized Hacks 13 | . 1 . . . 1 . . 3 8 . Terminals 7 | . 1 . . . 1 . . 3 2 . Botnet 6 | . 1 . . . 1 . . 2 2 . Operators 1 | . . . . . . . . 1 . . Fabricators 2 | . . . . . . . . . 2 . Siphon 2 | . . . . . . . . . 2 . Repair Stations . | . . . . . . . . . . . Recycling Units 4 | . . . . . . . . . 4 . Monitor 1 | . . . . . . . . . 1 . Reject 2 | . . . . . . . . . 2 . Recyclers 1 | . . . . . . . . . 1 . Scanalyzers . | . . . . . . . . . . . Garrison Access . | . . . . . . . . . . . Data Cores Recovered . | . . . . . . . . . . . Used . | . . . . . . . . . . . Hacking Detections 23 | . 3 . . . 5 2 . 5 8 . Full Trace Events 4 | . 1 . . . 1 . . . 2 . Feedback Events . | . . . . . . . . . . . Feedback Blocked . | . . . . . . . . . . . Robot Schematics Acquired . | . . . . . . . . . . . Robots Built . | . . . . . . . . . . . Matter . | . . . . . . . . . . . Time . | . . . . . . . . . . . Total Robot Build Rating . | . . . . . . . . . . . Part Schematics Acquired 2 | . . . . . 2 . . . . . Parts Built 5 | . . . . . . . . . 5 . Matter 295 | . . . . . . . . . 295 . Time 197 | . . . . . . . . . 197 . Total Part Build Rating 11 | . . . . . . . . . 11 . Parts Repaired 1 | . . . . . . . . . 1 . Time 22 | . . . . . . . . . 22 . Parts Recycled . | . . . . . . . . . . . Recycled Matter . | . . . . . . . . . . . Retrieved Matter . | . . . . . . . . . . . Retrieved Components 10 | . . . . . . . . . 10 . Parts Scanalyzed 3 | . . . . . 2 . . . 1 . Part Schematics Acquired 2 | . . . . . 2 . . . . . Parts Damaged . | . . . . . . . . . . . Bothacking | -11 -10 -10 -10 -9 -8 -7 -7 -7 -6 -6 ------------ Run | Scr Mat Min Exi Min Mat Fac Gar Fac Fac Gar Used RIF Installer 1 | . . . . . . . 1 . . . Robots Hacked 3 | . . . . . . . . 2 1 . Non-combat 3 | . . . . . . . . 2 1 . Combat . | . . . . . . . . . . . Robot Hacks Applied 8 | . . . . . . . . 5 3 . generate_echo 1 | . . . . . . . . . 1 . locate_stockpiles 1 | . . . . . . . . 1 . . purge_threat 2 | . . . . . . . . 2 . . find_terminals 1 | . . . . . . . . . 1 . reprogram_traps 1 | . . . . . . . . 1 . . summon_haulers 2 | . . . . . . . . 1 1 . Relay Couplers Released 19 | . . . . . . . 19 . . . Machine Destruction 19 | . . . . . . . 19 . . . Attached 2 | . . . . . . . . 2 . . Robots Rewired . | . . . . . . . . . . . Allies Hacked . | . . . . . . . . . . . Hacks Repelled . | . . . . . . . . . . . Allies | -11 -10 -10 -10 -9 -8 -7 -7 -7 -6 -6 -------- Run | Scr Mat Min Exi Min Mat Fac Gar Fac Fac Gar Total Allies 18 | . . . . . . . . 18 . . Largest Group 18 | . . . . . . . . 18 . . Highest-Rated Group 729 | . . . . . . . . 729 . . Highest-Rated Ally 74 | . . . . . . . . 74 . . Total Orders . | . . . . . . . . . . . Ally Attacks 12 | . . . . . . . . 12 . . Total Damage 219 | . . . . . . . . 219 . . Kills 3 | . . . . . . . . 3 . . Allies Corrupted . | . . . . . . . . . . . Allies Melted . | . . . . . . . . . . . Intel | -11 -10 -10 -10 -9 -8 -7 -7 -7 -6 -6 ------- Run | Scr Mat Min Exi Min Mat Fac Gar Fac Fac Gar Robot Analysis Total . | . . . . . . . . . . . Derelict Logs Recovered . | . . . . . . . . . . . Drone Launches . | . . . . . . . . . . . Drone Recoveries . | . . . . . . . . . . . Exploration | -11 -10 -10 -10 -9 -8 -7 -7 -7 -6 -6 ------------- Run | Scr Mat Min Exi Min Mat Fac Gar Fac Fac Gar Turns Passed 9379 | 88 658 274 375 130 509 414 1957 1488 2654 832 Spaces Moved 4478 | 34 313 73 231 48 257 254 975 848 1072 373 Core . | . . . . . . . . . . . Treads . | . . . . . . . . . . . Legs . | . . . . . . . . . . . Wheels 4349 | 34 313 73 231 48 257 254 975 848 1072 244 Hover . | . . . . . . . . . . . Flight 129 | . . . . . . . . . . 129 Fastest Speed 37 | 100 100 160 160 160 150 135 135 135 135 37 Average Speed 145 | 100 149 160 160 178 151 137 158 139 140 124 Slowest Speed 240 | 100 160 160 160 180 180 165 165 165 210 240 Overloaded Moves . | . . . . . . . . . . . Propulsion Burnouts . | . . . . . . . . . . . Robots Hopped . | . . . . . . . . . . . Cave-ins Triggered . | . . . . . . . . . . . Exploration Rate (%) 29 | 3 41 21 60 8 22 4 80 25 27 29 Regions Visited 10 Branch Regions 3 Pre-discovered Areas 1 | . . . 1 . . . . . . . Known Exits Taken 3 | . 1 . . . . 1 . . 1 . Unknown Exits Taken 6 | 1 . 1 1 1 1 . . 1 . . Scrap Searched 1 | . . . . 1 . . . . . . Spaces Dug 6 | . . . . . 1 . . 2 3 . Terrain Destroyed 193 | . 11 6 . 14 25 7 43 4 83 . Melee 6 | . . . . . 1 . . 2 3 . Projectile 9 | . . . . . . . . 2 7 . AOE 177 | . 11 6 . 14 24 7 43 . 72 . Terrain Rammed . | . . . . . . . . . . . Walls Destroyed . | . . . . . . . . . . . Machines Disabled . | . . . . . . . . . . . Actions | -11 -10 -10 -10 -9 -8 -7 -7 -7 -6 -6 --------- Run | Scr Mat Min Exi Min Mat Fac Gar Fac Fac Gar Total 6589 | 62 403 213 239 78 381 312 1229 1051 1970 651 Wait 900 | . 3 125 . . 67 8 20 51 547 79 Move 4469 | 33 312 72 230 47 256 253 974 847 1072 373 Hop . | . . . . . . . . . . . Pick Up 179 | 4 26 2 4 7 20 11 15 23 44 23 Fast Attach 48 | 3 1 . . 1 4 4 . 12 10 13 Attach 63 | . 1 . . . 5 2 12 7 13 23 Detach 11 | . . . . . 1 1 . . . 9 Swap 177 | 2 4 2 . 5 4 11 22 34 78 15 Drop 165 | 7 4 2 5 8 21 15 12 26 47 18 Fire 387 | 13 52 10 . 10 2 7 86 49 118 40 Melee 58 | . . . . . 1 . . 2 39 16 Ram 2 | . . . . . . . . . 2 . Kick . | . . . . . . . . . . . Crush . | . . . . . . . . . . . Escape Stasis 130 | . . . . . . . 88 . . 42 Rewire . | . . . . . . . . . . . Trap . | . . . . . . . . . . . Miscellaneous . | . . . . . . . . . . . Route ------- -11/Scrapyard -10/Materials -10/Mines -10/Exiles (discovered 2 exits: [*Min x2]) -9/Mines -8/Materials (discovered 2 exits: *Fac / Sto) -7/Factory -7/Garrison (discovered 3 exits: *Fac x3) -7/Factory (discovered 3 exits: *Fac / Low x2) -6/Factory (discovered 2 exits: *Fac / Gar) -6/Garrison History --------- Turn | Location | Event 16 | -11/Scrapyard | Discovered new exit (range 3) 89 | -11/Scrapyard | Entered Materials 418 | -10/Materials | Identified exit to Mines 469 | -10/Materials | Build established: Hauler-Mutant 667 | -10/Materials | Core integrity fell below 50% 747 | -10/Materials | Entered Mines 748 | -10/Mines | Assembled infested the area 753 | -10/Mines | Assisted by a Guerilla fighting off Assembled 1014 | -10/Mines | Deemed a non-threat by the Exiles lab entrance 1014 | -10/Mines | Discovered new exit (range 5) 1021 | -10/Mines | Entered Exiles 1045 | -10/Exiles | Discovered new exit (range 15) 1060 | -10/Exiles | Met 8R-AWN 1087 | -10/Exiles | Met EX-HEX 1132 | -10/Exiles | Met EX-BIN 1149 | -10/Exiles | Aligned with FarCom system 1151 | -10/Exiles | Given EX-Vault access code 1193 | -10/Exiles | Opened EX-Vault 1210 | -10/Exiles | Found Supersonic Drone Bay 1214 | -10/Exiles | Found Lightpack 2.0 1221 | -10/Exiles | Found Longsword +1 1253 | -10/Exiles | Warned to stay clear of 0b10 Research branches 1301 | -10/Exiles | Met EX-DEC 1307 | -10/Exiles | Learned location of Zion (-7) 1383 | -10/Exiles | Discovered new exit (range 10) 1396 | -10/Exiles | Stole three prototypes: Lightpack 2.0, Supersonic Drone Bay, Longsword +1 1396 | -10/Exiles | Entered Mines 1464 | -9/Mines | Discovered new exit (range 8) 1475 | -9/Mines | Met a Derelict bent on vengeance 1526 | -9/Mines | Entered Materials 1526 | -8/Materials | Evolved 4 slots: Utility x3, Weapon x1 2002 | -8/Materials | Identified exit to Storage 2026 | -8/Materials | Discovered new exit (range 3) 2035 | -8/Materials | Entered Factory 2035 | -7/Factory | Evolved 2 slots: Utility x2 2037 | -7/Factory | FarCom data flow suspended 2302 | -7/Factory | Identified exit to Garrison 2363 | -7/Factory | Build established: Tank 2449 | -7/Factory | Entered Garrison 2488 | -7/Garrison | Triggered checkpoint 2617 | -7/Garrison | Discovered new exit (range 8) 2644 | -7/Garrison | Triggered checkpoint 2814 | -7/Garrison | Triggered checkpoint 2913 | -7/Garrison | Spotted B-75 Beast 2913 | -7/Garrison | Spotted B-75 Beast 2991 | -7/Garrison | Discovered new exit (range 15) 3042 | -7/Garrison | Triggered checkpoint 3134 | -7/Garrison | Triggered checkpoint 3185 | -7/Garrison | Build established: Scavenger-Tank 3194 | -7/Garrison | Lost 5 parts (3u2w) 3309 | -7/Garrison | Triggered checkpoint 3474 | -7/Garrison | Discovered new exit (range 10) 3497 | -7/Garrison | Installed Relay Interface Framework 3514 | -7/Garrison | Triggered checkpoint 3586 | -7/Garrison | Triggered checkpoint 3621 | -7/Garrison | Garrison Relay disabled 3760 | -7/Garrison | Garrison Relay disabled 3832 | -7/Garrison | Garrison Relay disabled 3910 | -7/Garrison | Build established: Scavenger-Mutant 4008 | -7/Garrison | Garrison Relay disabled 4124 | -7/Garrison | Triggered checkpoint 4176 | -7/Garrison | Triggered checkpoint 4270 | -7/Garrison | Garrison Relay disabled 4406 | -7/Garrison | Entered Factory 4777 | -7/Factory | Build established: Tank 5030 | -7/Factory | Discovered new exit (range 4) 5115 | -7/Factory | Cargo convoy interrupted 5216 | -7/Factory | Lost 4 parts (2n2u) 5310 | -7/Factory | Identified exit to Lower Caves 5894 | -7/Factory | Entered another Factory area 5894 | -6/Factory | Evolved 2 slots: Power x1, Utility x1 6034 | -6/Factory | Build established: Scavenger-Mutant 6846 | -6/Factory | Repaired Imp. Shield Generator 7029 | -6/Factory | Lost 4 parts (2u2w) 7650 | -6/Factory | Lost 4 parts (3u1w) 7730 | -6/Factory | Fabricated Arm. Wheel (x2) 7800 | -6/Factory | Fabricated Arm. Wheel (x2) 7882 | -6/Factory | Fabricated Hrd. Medium Armor Plating? 7918 | -6/Factory | Build established: Gunner 7965 | -6/Factory | Discovered new exit (range 13) 7979 | -6/Factory | Identified exit to Factory 7994 | -6/Factory | First assault squad dispatched 8213 | -6/Factory | Garrison activated, responded to threat 8448 | -6/Factory | Build established: Assassin 8515 | -6/Factory | Garrison activated, responded to threat 8548 | -6/Factory | Identified exit to Garrison 8548 | -6/Factory | Entered Garrison 8577 | -6/Garrison | Lost 8 parts (3p1n2u2w) 8726 | -6/Garrison | Lost 5 parts (1n4u) 8976 | -6/Garrison | Core integrity fell below 50% 9120 | -6/Garrison | Triggered checkpoint 9135 | -6/Garrison | Lost 3 parts (1n1u1w) 9186 | -6/Garrison | Triggered checkpoint 9225 | -6/Garrison | Lost 11 parts (2p1n4u4w) 9346 | -6/Garrison | Triggered checkpoint 9365 | -6/Garrison | Core integrity fell below 20% 9380 | -6/Garrison | Destroyed by S-27 Virus with Autogun Last Messages --------------- 09322_ Acquired Adv. Focal Shield. 09324_ Dropped Imp. Heat Sink. 09324_ Acquired Imp. Heat Sink. 09342_ Dropped Imp. Heat Sink. 09346_ Beams of light sweep through the air. An alarm sounds. 09347_ Dropped Imp. Heat Sink. 09348_ Acquired Phase Shifter. 09355_ B-48 Gladiator springs to life. 09355_ L-41 Fighter springs to life. 09357_ Phase Shifter destroyed. 09360_ Knocked back. 09361_ B-48 Gladiator suffers critical hit (Destroy). 09361_ HV Slug penetrates B-48 Gladiator. 09361_ Lgt. Angular Momentum Engine destroyed. 09365_ Hyp. Gauss Rifle destroyed. 09365_ Hvy. Assault Rifle destroyed. 09366_ L-41 Fighter destroyed. 09370_ B-48 Gladiator Imp. Light Armor Plating severed. 09374_ B-48 Gladiator destroyed. 09380_ Dropped Ion Burst Cannon. Map ----- +----------------------------------------------------+ | ??????????# #??????# #??????????????????????? | | ??????????# #??????# #??????????????????????? | | ??????????# #??????# #??????????????????????? | | ??????????#=#??????# #??????????????????????? | | ?????????##"##?????# #??????????????????????? | | ?????????# ####??# #??????????????????????? | | ?????????# [ ] #??# #??????????????????????? | | ?????????#= != #??# #??????????????????????? | | ?????????#]]]# #??# #??????????????????????? | | ?????????##### #??# #??????????????????????? | | ?????????????# #??# #??????????????????????? | | ?????????????# #??# #????????#####?????????? | | ?????????????# #??# #????????# #?????????? | | ##############++####++########## #?????????? | | #?????????? | | #?????????? | | #?????????? | | ####### ########################?????????? | | ???????# #????????????????????????????????? | | ?????????# #???###??????????????????????????? | | ?????????# #???# ????#####????????????????? | | ?????????# ##### ##### # ###??????????????? | | ?????????# ! s=* ; ???????????????? | | ?????????# !*s%#????????????????? | | ???????# ##### #####%![#????????????????? | | ####### #??#"""""#??#@![#????????????????? | | %!*%= #??#######??#!![#????????????????? | | =%%! = #???????????#####????????????????? | | ####"#####????????????????????????????????? | | [#### #????????????????????????????????????? | | %[%+*[#????????????????????????????????????? | | =[%####????????????????????????????????????? | | ??????????????????????????????????????????? | | ????????????????????????????????????????????? | | ?????????????????????????????????????????????? | | ?????????????????????????????????????????????? | | ?????????????????????????????????????????????? | | ?????????????????????????????????????????????? | | ?????????????????????????????????????????????? | | ?????????????????????????????????????????????? | | ?????????????????????????????????????????????? | | ?????????????????????????????????????????????? | | ?????????????????????????????????????????????? | | ?????????????????????????????????????????????? | | ?????????????????????????????????????????????? | | ?????????????????????????????????????????????? | | ?????????????????????????????????????????????? | | ?????????????????????????????????????????????? | | ?????????????????????????????????????????????? | | ?????????????????????????????????????????????? | +----------------------------------------------------+ Best States ------------- Heat Dissipation 98 Energy Generation 32 Energy Capacity 690 Matter Stores 300 Matter Capacity 300 Sight Range 18 Robot Scan Range 16 Terrain Scan Range 16 Terrain Scan Density 60 Additional Mass Support 9 Armor Coverage 1050 Resistance: KI 30 Resistance: EM 25 Weapon Cycling 15 Phase Shifting 5 Evasion (%) 62 Target Analysis 6 Matter Filtering 30 Particle Charging 25 Salvage Targeting 3 Defensive Hacking 10 Relay Coupler Types 22 Relay Coupler Value 1 Item Schematics ----------------- Arm. Wheel | -8/Materials | Scanalyzed Hrd. Medium Armor Plating | -8/Materials | Scanalyzed Robot Schematics ------------------ None Fabricated ------------ Arm. Wheel | x2 | -6/Factory Arm. Wheel | x2 | -6/Factory Hrd. Medium Armor Plating | x1 | -6/Factory Alien Tech Used ----------------- None Achievements -------------- None Challenges ------------ None Game ------ Seed BeamRestorationShredder Manual? 0 Play Time 02:16:15 Cumulative 202.4 hours Start 2021.07.05 @ 20:30:43 End 2021.07.05 @ 23:14:14 Sessions 1 Manual Loads 0 Difficulty Rogue Special Mode None Game No. 118 Rogue 118 Adventurer 0 Explorer 0 Win Type - Total 3 Types 2/0/0/1/0/0/0/0/0 Lore% 59 Gallery% 70 Achievement% 46 Wizard Run 0 Options --------- ASCII 0 Keyboard 0 Movement Numpad Keybinds 0 Fullscreen 1 Font 18/SmallcapsGlow Map View 76x50 Tactical HUD 1 Map Filters NONE Filters NONE Steam 1 RUN: deb23dcc-f605-414f-9e4f-b398b4af9b93